 Dungeon Crawl Stone Soup version 0.21.0-3-g78d12a8 (webtiles) character file.

203 Monsterracer the Chopper (level 5, -8/61 HPs)
             Began as a Demonspawn Fighter on Jan 14, 2018.
             Mangled by an ogre
             ... wielding a +0 giant club
              (15 damage)
             ... on level 3 of the Dungeon.
             The game lasted 00:03:01 (3285 turns).

Monsterracer the Chopper (Demonspawn Fighter)       Turns: 3285, Time: 00:03:02

Health: -8/61      AC: 22    Str: 17    XL:     5   Next: 51%
Magic:  0/14       EV:  2    Int: 10    God:
Gold:   142        SH:  4    Dex: 12    Spells: 4/4 levels left

rFire    . . .     SeeInvis .   a - +0 war axe
rCold    . . .     Gourm    .   p - +0 buckler
rNeg     + + +     Faith    .   (armour currently unavailable)
rPois    +         Spirit   +   (helmet currently unavailable)
rElec    .         Reflect  .   (cloak currently unavailable)
rCorr    .         Harm     .   (gloves currently unavailable)
MR       .....     NoTele   +   (boots currently unavailable)
Stlth    +.........             h - amulet of guardian spirit
HPRegen  0.20/turn              o - ring of magical power
MPRegen  0.14/turn              (no ring)

@: tree-form
A: no striking features
a: no special abilities


You were on level 3 of the Dungeon.
You were not hungry.
You were a tree.
You visited 1 branch of the dungeon, and saw 4 of its levels.

You collected 142 gold pieces.

Inventory:

Hand Weapons
 a - a +0 war axe (weapon)
Armour
 b - a +0 scale mail (melded)
 c - a +0 shield
 p - a +0 buckler (worn)
Jewellery
 h - an amulet of guardian spirit (around neck)
 o - a ring of magical power (left branch)
Scrolls
 e - 5 scrolls of identify {unknown}
 g - a scroll of amnesia {unknown}
 i - a scroll of random uselessness {unknown}
 j - 2 scrolls of enchant armour {unknown}
 k - 2 scrolls of enchant weapon {unknown}
 n - a scroll of fog {unknown}
 q - 2 scrolls of blinking {unknown}
 s - a scroll of remove curse {unknown}
 u - a scroll of fear {unknown}
 v - a scroll of teleportation {unknown}
Potions
 d - 2 potions of might
 l - a potion of degeneration {unknown}
 m - a potion of heal wounds {unknown}
 r - a potion of lignification
 w - a potion of agility {unknown}
Comestibles
 f - 4 rations


   Skills:
 + Level 3.3 Fighting
 * Level 4.6 Axes
 + Level 3.0 Armour
 + Level 0.7 Dodging
 + Level 3.0 Shields


You had 4 spell levels left.
You didn't know any spells.

Dungeon Overview and Level Annotations

Branches:
Dungeon (4/15)
 Temple: D:4-7

Altars:

Annotations:
D:4 ThereIsNoGod's ghost, amateur HOFi


Innate Abilities, Weirdness & Mutations

((You have a pair of small antennae on your head.))


Message History

Done exploring.
No target in view!
Done exploring.
There is a stone staircase leading down here.
You climb downwards.
There is a stone staircase leading up here.
A hound comes into view.
The hound barks!
No target in view!
Found 13 arrows.
A hound is nearby!
Found 30 bolts.
Found a stone staircase leading down.
You slash the hound!
The hound is severely wounded.
The hound bites you but does no damage. You block the hound's attack.
You slash the hound!
You kill the hound!
Your Armour skill increases to level 3!
Your Shields skill increases to level 3!
You butcher the hound corpse.
t - a chunk of flesh You see here a hound skeleton. x2
Eating a chunk of flesh.
You eat the chunk of flesh.
This raw flesh tastes terrible.
ThereIsNoGod's ghost (amateur Hill Orc Fighter) comes into view.
ThereIsNoGod's ghost is nearby!
ThereIsNoGod's ghost turns its malevolent gaze towards you.
ThereIsNoGod's ghost shrieks, "I was like you once."
There is a stone staircase leading up here.
You climb upwards.
There is a stone staircase leading down here.
You see here a stone.
You see here a short sword.
Things that are here:
4 tomahawks; a dagger
There is a stone staircase leading down here.
You climb downwards.
Level annotation: ThereIsNoGod's ghost, amateur HOFi 4 orcs, an orc priest and an ogre come into view.
The orc shouts! x2; The orc priest shouts!
The orc shouts! x2; The ogre shouts!
The orc priest moves out of view.
A quokka comes into view.
There is a stone staircase leading up here.
There are monsters nearby!
There are monsters nearby!
You slash the orc!
You kill the orc!
The orc priest hits you but does no damage.
Found a scroll labeled GOAF OR NUIGIOSI.
You see here an orc corpse.
You closely miss the orc priest. You closely miss the orc.
The orc priest hits you with a mace. The orc hits you but does no damage.
You take 3 damage, and have 38/41 hp.
You now have 13/14 mp.
The orc priest invokes the aid of Beogh against you.
Beogh smites you!
There is a stone staircase leading up here.
You take 7 damage, and have 31/41 hp.
You now have 11/14 mp.
You hit the orc.
The orc is almost dead.
The orc barely misses you.
The orc priest looks encouraged for a moment.
The ogre hits you with a giant club!
You climb upwards.
There is a stone staircase leading down here.
You take 8 damage, and have 23/41 hp.
You now have 8/14 mp.
Unknown command.
Unknown command.
You barely miss the ogre. You barely miss the orc.
The orc hits you but does no damage. The ogre closely misses you.
The orc hits you with a short sword.
* * * LOW HITPOINT WARNING * * *
You take 3 damage, and have 20/41 hp.
You now have 7/14 mp.
Your scale mail prevents you from hitting the ogre.
You completely miss the orc. The ogre barely misses you.
The orc hits you but does no damage.
You barely miss the ogre. You closely miss the orc. The orc closely misses you.
The ogre hits you with a giant club!
* * * LOW HITPOINT WARNING * * *
You take 12 damage, and have 8/41 hp.
MASSIVE DAMAGE!!
You now have 3/14 mp.
It was a potion of lignification.
You turn into a tree.
Your +0 scale mail melds into your body.
Your roots penetrate the ground.
The orc hits you but does no damage. The ogre hits you with a giant club.
* * * LOW HITPOINT WARNING * * *
You now have 9/61 hp.
You hit the ogre.
The ogre is lightly wounded.
You completely miss the orc. The orc hits you but does no damage.
The ogre hits you with a giant club.
* * * LOW HITPOINT WARNING * * *
You take 2 damage, and have 7/61 hp.
You now have 2/14 mp.
You slash the ogre!
The ogre is heavily wounded.
You closely miss the orc. The orc hits you but does no damage.
The ogre hits you but does no damage. The orc barely misses you.
You hit the ogre.
The ogre is severely wounded.
You hit the orc. The orc barely misses you.
The ogre hits you with a giant club!
You die...

#..###.......# #.####
...##.....##.## #.#
#.............# #.#
#..#..#.#..#..# #.#
#.............## #>#
##.#.##.##.##..## #.#
#.##..#..###...###.#
#.##<...)##...o.##.#
#.#.#####(.....♣O..#
##..## ##......####
...#.## ##.##...##
......###.###...######
....##.#.............#
......#..####...####.#
###.#.##.# ##.## #.#
#.#.##.# #.# #.#
#.#.##.# #.# #.#


You could see an ogre and an orc.

Vanquished Creatures
  A hound (D:4)
  Terence (D:2)
  6 adders
  2 worms (D:3)
  An adder skeleton (D:2)
  2 dart slugs (D:3)
  3 leopard geckos
  5 orcs
  2 ball pythons
  3 bats
  4 giant cockroaches
  8 hobgoblins
  2 quokkas (D:3)
  4 frilled lizards
  6 goblins
  13 kobolds
  A quokka skeleton (D:3)
  10 rats
74 creatures vanquished.

Notes
Turn   | Place    | Note
-------+----------+-------------------------------------------
     0 | D:1      | Monsterracer the Demonspawn Fighter began the quest for the Orb.
     0 | D:1      | Reached XP level 1. HP: 18/18 MP: 1/1
    58 | D:1      | Reached skill level 2 in Axes
   194 | D:1      | Gained mutation: You have a pair of small antennae on your head. [demonic ancestry]
   194 | D:1      | Reached XP level 2. HP: 24/24 MP: 2/2
   781 | D:2      | Reached skill level 3 in Axes
   809 | D:2      | Reached XP level 3. HP: 23/29 MP: 1/3
  1151 | D:2      | Noticed Terence
  1182 | D:2      | Killed Terence
  1182 | D:2      | Reached skill level 4 in Axes
  1182 | D:2      | Reached XP level 4. HP: 27/35 MP: 4/4
  1191 | D:2      | HP: 17/35 [poisoned by an adder]
  1196 | D:2      | HP: 12/35 [poisoned by an adder]
  1202 | D:2      | HP: 8/35 [poisoned by an adder]
  1208 | D:2      | HP: 7/35 [poisoned by an adder]
  1216 | D:2      | HP: 6/35 [poisoned by an adder]
  2134 | D:3      | HP: 17/35 [poisoned by an adder]
  2142 | D:3      | HP: 16/35 [poisoned by an adder]
  2387 | D:3      | Reached XP level 5. HP: 40/41 MP: 5/5
  3221 | D:4      | Noticed ThereIsNoGod's ghost (amateur HOFi)
  3271 | D:4      | Noticed an ogre
  3279 | D:3      | HP: 20/41 [orc/short sword (3)]
  3281 | D:3      | HP: 8/41 [ogre/giant club (12)]
  3285 | D:3      | Mangled by an ogre

Skill      XL: |  1  2  3  4  5 |
---------------+----------------+-----
Axes           | 2 3 4 |  4.6
Armour         | 3 |  3.0
Shields        | 3 |  3.0
Fighting       | |  3.3
Dodging        | |  0.7

Action                   |  1- 3 |  4- 6 || total
-------------------------+-------+-------++-------
Melee: War axe           |   133 |   167 ||   300
  Use: Potion            |       |     1 ||     1
  Eat: Chunk             |     1 |     7 ||     8
Armor: Scale mail        |    63 |    75 ||   138
       Skin              |       |     3 ||     3
Dodge: Dodged            |    47 |    66 ||   113
Block: Shield            |    65 |     7 ||    72
       Buckler           |       |    25 ||    25

Vault maps used:
D:1:      mrwooster_arrival_statue_3, minmay_tromino_v4_c
D:2:      first_ration, uniq_terence
D:4:      lemuel_doored_altar, dancing_weapons_uskayaw,
          gammafunk_temple_overflow_claw
